 Dungeon Crawl Stone Soup version 0.26.1-10-gdfb7c7de75 (webtiles) character file.

Game seed: 9590510311005170827

45018 Eitelfritz the Carver (level 14, -5/126 HPs)
             Began as a Hill Orc Fighter on Apr 9, 2021.
             Was the Champion of the Shining One.
             Slain by an orc sorcerer
             ... wielding a +0 dagger
              (6 damage)
             ... while paralysed by an orc sorcerer
             ... on level 2 of the Orcish Mines.
             The game lasted 01:09:40 (23262 turns).

Eitelfritz the Carver (Hill Orc Fighter)           Turns: 23262, Time: 01:09:41

Health: -5/126     AC: -8    Str: 23    XL:     14   Next: 31%
Magic:  20/20      EV:  2    Int: 14    God:    the Shining One [******]
Gold:   504        SH:  0    Dex: 10    Spells: 13/13 levels left

rFire    + + .     SeeInvis .   a - +3 scimitar (freeze)
rCold    . . .     Faith    .   x - +0 kite shield
rNeg     + + +     Spirit   .   n - +0 chain mail "Evutuont" {rF+ Int+5}
rPois    +         Reflect  .   r - +2 helmet
rElec    .         Harm     .   A - +0 cloak
rCorr    .         Rampage  .   C - +2 pair of gloves {archery}
Will     +....                  O - +2 pair of boots {run}
Stlth    ..........             (no amulet)
HPRegen  0.31/turn              P - ring of protection from fire
MPRegen  0.17/turn              s - ring of poison resistance

@: paralysed, mighty, corroded, glowing, quick
A: no striking features
a: Renounce Religion, Divine Shield, Cleansing Flame, Summon Divine Warrior,
Brand Weapon With Holy Wrath


You were on level 2 of the Orcish Mines.
You worshipped the Shining One.
The Shining One was exalted by your worship.
You visited 3 branches of the dungeon, and saw 17 of its levels.
You also visited: Bailey.

You collected 1735 gold pieces.
You spent 1231 gold pieces at shops.

Inventory:

Hand Weapons
 a - a +3 scimitar of freezing (weapon)
 b - a +3 hand crossbow of freezing
 c - a +3 scimitar of flaming
Missiles
 g - a throwing net
 y - 42 bolts
 z - 21 boomerangs (quivered)
 F - 12 atropa-tipped darts
 K - 12 poisoned darts
Armour
 n - the +0 chain mail "Evutuont" (worn) {rF+ Int+5}
   (You bought it in a shop on level 2 of the Orcish Mines)

   It affects your intelligence (+5).
   It protects you from fire.
 r - a +2 helmet (worn)
 x - a +0 kite shield (worn)
 A - a +0 cloak (worn)
 C - a +2 pair of gloves of archery (worn)
 O - a +2 pair of boots of running (worn)
 R - a +2 scale mail of cold resistance
Jewellery
 l - an uncursed ring of flight
 o - an uncursed ring of resist corrosion
 s - a ring of poison resistance (right hand)
 P - a ring of protection from fire (left hand)
Wands
 e - a wand of paralysis (7)
 u - a wand of acid (10)
 U - a wand of polymorph (2)
 Z - a wand of iceblast (11)
Scrolls
 m - 6 scrolls of teleportation
 p - 2 scrolls of identify
 E - 3 scrolls of fear
 G - a scroll of amnesia
 H - 4 scrolls of blinking
 I - 8 scrolls of remove curse
 L - a scroll of magic mapping
 S - 3 scrolls of vulnerability
 V - a scroll of fog {unknown}
Potions
 f - 2 potions of flight
 h - a potion of ambrosia
 i - 2 potions of heal wounds
 j - 2 potions of mutation
 q - 2 potions of haste
 t - 10 potions of curing
 v - 4 potions of brilliance
 w - a potion of cancellation
 B - a potion of magic
 D - 7 potions of lignification
 M - 2 potions of attraction
 X - 2 potions of might
Miscellaneous
 Q - a phantom mirror


   Skills:
 + Level 12.0 Fighting
 + Level 14.6 Long Blades
 + Level 3.6 Crossbows
 + Level 2.1 Throwing
 + Level 10.2 Armour
 + Level 5.2 Dodging
 + Level 1.9 Stealth
 + Level 11.0 Shields
 + Level 0.5 Unarmed Combat
 + Level 9.0 Invocations
 + Level 6.0 Evocations


You had 13 spell levels left.
You didn't know any spells.
Your spell library contained the following spells:

 Spells                   Type           Power        Failure   Level
 Corona                   Hex            0%           95%         1
 Sandblast                Erth           0%           95%         1
 Sting                    Tmut/Pois      0%           95%         1
 Passwall                 Tmut/Erth      0%           99%         2
 Poisonous Vapours        Pois/Air       0%           99%         2
 Slow                     Hex            0%           99%         2
 Ignite Poison            Fire/Tmut/Pois 0%           100%        3
 Inner Flame              Hex/Fire       0%           100%        3
 Mephitic Cloud           Conj/Pois/Air  0%           100%        3
 Portal Projectile        Hex/Tloc       0%           100%        3
 Stone Arrow              Conj/Erth      0%           100%        3
 Cause Fear               Hex            0%           100%        4
 Leda's Liquefaction      Hex/Erth       0%           100%        4
 Olgreb's Toxic Radiance  Pois           0%           100%        4
 Petrify                  Tmut/Erth      0%           100%        4
 Lee's Rapid Deconstruct  Erth           0%           100%        5
 Silence                  Hex/Air        0%           100%        5
 Yara's Violent Unravell  Hex/Tmut       0%           100%        5
 Discord                  Hex            0%           100%        8


Dungeon Overview and Level Annotations

Branches:
Dungeon (14/15)            Temple (1/1) D:7            Lair (0/6) D:8
    Orc (2/2) D:11            Elf (0/3) Orc:2        Vaults (0/5) D:14
 Bailey (visited)

Altars:
Ashenzari
Cheibriados
Dithmenos
Elyvilon
Fedhas
Gozag
Hepliaklqana
Kikubaaqudgha
Makhleb
Nemelex Xobeh
Okawaru
Qazlal
Ru
Sif Muna
Trog
Uskayaw
Vehumet
Wu Jian
Xom
Yredelemnul
Zin
The Shining One
Beogh

Shops:
D:5 [   D:7 !   D:10 !   D:11 *   Orc:1 (   Orc:2 ![?[

Annotations:
D:13 2 transporters, exclusion: obsidian statue


Message History

You suddenly lose the ability to move!
The rust devil hits you!
* * * LOW HITPOINT WARNING * * *
The rust devil corrodes you!
The orc sorcerer hits you with a +0 dagger.
* * * LOW HITPOINT WARNING * * *
The ice devil hits you.
* * * LOW HITPOINT WARNING * * *
The ice devil freezes you!! The Shining One protects you from harm!
The rust devil disappears in a puff of smoke!
The rust devil hits you.
* * * LOW HITPOINT WARNING * * *
The rust devil corrodes you! The orange demon barely misses you.
The orc sorcerer gestures wildly while chanting.
The ice devil hits you.
* * * LOW HITPOINT WARNING * * *
The ice devil freezes you! The Shining One protects you from harm!
The orc sorcerer hits you with a +0 dagger.
You die...

# ##### ≈≈ ##≈§≈# ... ##.§§≈
## #8.. ##..8###≈##
.....###+++###....._#§≈#
......4§o........)..#.≈#
......o@44).....)†..8.§#
.....4§§≈≈≈≈§...)))...## ##
......§#####≈..).....###
#≈#+#+###§§. #§§.###+#'#≈#
#≈.....##§.........≈##.....≈#
#≈..8..##≈.........≈##..8..≈#
##≈....≈##§.8..∩..8.≈##≈....≈#
#≈≈≈...§###############≈...§§≈
#≈≈§≈..≈§≈≈≈≈≈§≈≈≈≈≈≈≈≈≈..≈≈≈§


You could see an orange demon (summoned), an ice devil (summoned), a rust devil
(summoned), a chaos spawn (summoned) and 2 orc sorcerers.

Vanquished Creatures
  Gastronok (D:10)
  4 vault guards (D:14)
  Erolcha (Orc:2)
  A hydra (D:14)
  Erica (D:8)
  2 boulder beetles
  2 two-headed ogres
  An ogre mage (Orc:2)
  4 centaur warriors
  A tengu warrior (D:13)
  Nergalle (Orc:2)
  A flayed ghost (D:11)
  3 unseen horrors
  A deep elf archer (D:14)
  2 orc knights
  A phantasmal warrior (D:11)
  6 orc sorcerers
  2 cyclopes
  5 ugly things
  A water nymph (shapeshifter) (D:14)
  7 gargoyles
  2 tengu conjurers (D:14)
  4 trolls
  A wind drake (shapeshifter) (D:13)
  7 slime creatures
  A shadow (D:11)
  A wraith (D:10)
  12 yaks
  7 wyverns
  2 water elementals (D:12)
  A vampire (D:10)
  A vampire mosquito (D:10)
  Edmund (D:5)
  Menkaure (D:5)
  3 wargs (Orc:2)
  An acid dragon (D:14)
  Duvessa (D:5)
  A water moccasin (D:10)
  25 orc warriors
  A black bear (D:10)
  A sky beast (D:8)
  4 ice beasts
  2 phantoms
  24 centaurs
  9 ogres
  2 big kobolds
  4 bullfrogs
  A gnoll sergeant (Orc:1)
  Dowan (D:5)
  3 scorpions
  19 wights
  15 killer bees
  9 howler monkeys
  An electric eel (D:12)
  4 crimson imps (D:3)
  2 quasits
  A bullfrog zombie (D:13)
  3 centaur zombies
  6 hounds
  A bullfrog skeleton (D:9)
  Crazy Yiuf (D:5)
  An iron imp (D:14)
  3 jellies
  16 orc priests
  33 orc wizards
  7 centaur skeletons
  A gnoll shaman (D:10)
  3 iguanas
  12 worker ants
  4 hound skeletons
  3 hound zombies
  A worker ant zombie (D:5)
  A howler monkey skeleton (D:11)
  12 adders
  10 gnolls
  2 shadow imps
  3 white imps
  4 ufetubi
  An ooze (D:1)
  2 adder zombies (D:9)
  2 adder skeletons
  A worm (D:5)
  2 dart slugs
  12 leopard geckos
  94 orcs
  7 giant cockroaches
  5 goblins
  13 hobgoblins
  14 jackals
  29 kobolds
  8 quokkas
  7 bats
  9 frilled lizards
  A quokka skeleton (D:8)
  11 rats
568 creatures vanquished.

Vanquished Creatures (others)
  3 bushes (D:14)
  10 plants (D:14)
  2 withered plants (D:7)
15 creatures vanquished.

Grand Total: 583 creatures vanquished

Notes
Turn   | Place    | Note
-------+----------+-------------------------------------------
     0 | D:1      | Eitelfritz the Hill Orc Fighter began the quest for the
                  | Orb.
     0 | D:1      | Reached XP level 1. HP: 19/19 MP: 1/1
    78 | D:1      | Reached XP level 2. HP: 27/27 MP: 2/2
   565 | D:1      | Reached XP level 3. HP: 33/33 MP: 3/3
   717 | D:1      | Reached skill level 3 in Long Blades
  1165 | D:2      | Reached XP level 4. HP: 40/40 MP: 4/4
  1356 | D:2      | Found a glowing golden altar of the Shining One.
  1388 | D:2      | Became a worshipper of the Shining One
  2285 | D:3      | Reached skill level 1 in Throwing
  2354 | D:3      | Reached XP level 5. HP: 38/46 MP: 5/5
  2503 | D:3      | You fall into a shaft and drop 1 floor!
  2715 | D:3      | Found a shimmering altar of Xom.
  2733 | D:3      | Reached skill level 4 in Long Blades
  2743 | D:3      | Reached XP level 6. HP: 48/53 MP: 6/6
  2891 | D:3      | Reached skill level 1 in Dodging
  3456 | D:4      | Reached * piety under the Shining One
  3488 | D:4      | Reached skill level 5 in Long Blades
  3625 | D:4      | Reached XP level 7. HP: 60/60 MP: 7/7
  4078 | D:5      | Entered Level 5 of the Dungeon
  4202 | D:5      | Reached skill level 5 in Fighting
  4233 | D:5      | Found Naefoad's Armour Shop.
  4313 | D:5      | Reached skill level 1 in Invocations
  4625 | D:5      | Found a white marble altar of Elyvilon.
  4652 | D:5      | Noticed Duvessa
  4682 | D:5      | Killed Duvessa
  4683 | D:5      | Reached skill level 1 in Evocations
  4687 | D:5      | Noticed Dowan
  4695 | D:5      | Killed Dowan
  4696 | D:5      | Reached skill level 6 in Long Blades
  4776 | D:5      | Noticed Edmund
  4796 | D:5      | Killed Edmund
  4797 | D:5      | Reached skill level 5 in Armour
  4797 | D:5      | Reached XP level 8. HP: 58/68 MP: 9/9
  4883 | D:5      | Noticed Menkaure
  4895 | D:5      | Killed Menkaure
  5028 | D:5      | Found a runed translucent door.
  5029 | D:5      | Noticed Crazy Yiuf
  5118 | D:5      | Reached ** piety under the Shining One
  5397 | D:5      | Reached skill level 7 in Long Blades
  5452 | D:5      | Found a shadowy altar of Dithmenos.
  5591 | D:5      | Killed Crazy Yiuf
  6256 | D:6      | Reached skill level 5 in Shields
  6347 | D:6      | Reached XP level 9. HP: 75/75 MP: 12/12
  6667 | D:6      | Found a radiant altar of Vehumet.
  7107 | D:7      | Reached skill level 1 in Crossbows
  7203 | D:7      | Reached skill level 5 in Invocations
  7214 | D:7      | Found Kaxkioc's Distillery.
  7223 | D:7      | Bought a potion of degeneration for 13 gold pieces
  7692 | D:7      | Found a staircase to the Ecumenical Temple.
  8304 | D:7      | Found a blossoming altar of Fedhas.
  8307 | D:7      | Found an ancient bone altar of Kikubaaqudgha.
  8495 | Temple   | Entered the Ecumenical Temple
  8834 | D:8      | Reached skill level 8 in Long Blades
  9318 | D:8      | Reached *** piety under the Shining One
  9362 | D:8      | Noticed Erica
  9377 | D:8      | Killed Erica
  9378 | D:8      | Reached skill level 1 in Stealth
  9378 | D:8      | Reached XP level 10. HP: 40/84 MP: 14/14
  9914 | D:8      | Reached skill level 5 in Evocations
 10199 | D:8      | Reached skill level 9 in Long Blades
 10392 | D:8      | Noticed a gargoyle
 10403 | D:8      | Killed a gargoyle
 10516 | D:8      | Noticed a gargoyle
 10529 | D:8      | Killed a gargoyle
 10683 | D:8      | Noticed a gargoyle
 10691 | D:8      | Killed a gargoyle
 10761 | D:8      | Noticed a gargoyle
 10768 | D:8      | Killed a gargoyle
 10879 | D:8      | Found a staircase to the Lair.
 11668 | D:9      | Found a broken altar of Ashenzari.
 11700 | D:9      | Reached XP level 11. HP: 58/93 MP: 16/16
 11865 | D:9      | Noticed a cyan ugly thing
 11875 | D:9      | Killed a cyan ugly thing
 12354 | D:9      | Reached **** piety under the Shining One
 12413 | D:9      | Reached skill level 10 in Long Blades
 12607 | D:9      | Found a sacrificial altar of Ru.
 12607 | D:9      | Found a sparkling altar of Nemelex Xobeh.
 12607 | D:9      | Found a burning altar of Makhleb.
 12892 | D:10     | Entered Level 10 of the Dungeon
 12892 | D:10     | Noticed Gastronok
 12908 | D:10     | Killed Gastronok
 13192 | D:10     | Found a shadowy altar of Dithmenos.
 13487 | D:10     | Found Vicibar's Distillery.
 13555 | D:10     | Noticed a centaur warrior
 13563 | D:10     | Killed a centaur warrior
 13898 | D:5      | Bought a +0 pair of boots of running for 472 gold pieces
 14088 | D:10     | Noticed a cyan ugly thing
 14094 | D:10     | Killed a cyan ugly thing
 14381 | D:10     | Reached skill level 11 in Long Blades
 14424 | D:10     | Noticed a two-headed ogre
 14440 | D:10     | Killed a two-headed ogre
 14528 | D:10     | Noticed an unseen horror
 14544 | D:10     | Killed an unseen horror
 14671 | D:11     | Reached XP level 12. HP: 103/103 MP: 18/18
 14683 | D:11     | Found a shimmering altar of Xom.
 14683 | D:11     | Found an ancient bone altar of Kikubaaqudgha.
 14683 | D:11     | Reached ***** piety under the Shining One
 14695 | D:11     | Noticed a centaur warrior
 14714 | D:11     | Killed a centaur warrior
 15027 | D:11     | Reached skill level 12 in Long Blades
 15369 | D:11     | Found a staircase to the Orcish Mines.
 15722 | D:11     | Noticed a boulder beetle
 15731 | D:11     | Killed a boulder beetle
 15969 | D:11     | Found Jaywusk's Assorted Antiques.
 15976 | D:11     | Bought a scroll labelled GOAPUJOETU for 20 gold pieces
 15976 | D:11     | Bought a scroll labelled FIYWOANLI for 20 gold pieces
 16716 | D:12     | Reached skill level 13 in Long Blades
 16806 | D:12     | Found a flagged portal.
 16827 | Bailey   | Entered a bailey
 17217 | D:12     | Reached skill level 10 in Fighting
 17237 | D:12     | Noticed a boulder beetle
 17251 | D:12     | Found an iron altar of Okawaru.
 17256 | D:12     | Killed a boulder beetle
 17511 | D:12     | Reached XP level 13. HP: 108/113 MP: 19/19
 18128 | D:13     | Found a transporter.
 18128 | D:13     | Noticed an ettin
 18138 | D:13     | Found a transporter.
 18335 | D:13     | HP: 4/114 [large slime creature (21)]
 19206 | D:13     | Reached ****** piety under the Shining One
 19503 | D:14     | Noticed a vault guard
 20074 | D:14     | Found a shimmering blue altar of Sif Muna.
 20126 | D:14     | Reached skill level 14 in Long Blades
 20687 | D:14     | Noticed a vault guard
 20693 | D:14     | Reached skill level 10 in Shields
 20777 | D:14     | Noticed a vault guard
 20805 | D:14     | Killed a vault guard
 20954 | D:14     | Killed a vault guard
 21015 | D:14     | Killed a vault guard
 21052 | D:14     | Found a gate to the Vaults.
 21052 | D:14     | Noticed a vault guard
 21075 | D:14     | Killed a vault guard
 21087 | D:14     | Reached skill level 10 in Armour
 21237 | Orc:1    | Entered Level 1 of the Orcish Mines
 21254 | Orc:1    | Reached XP level 14. HP: 106/124 MP: 20/20
 21769 | Orc:1    | Found a roughly hewn altar of Beogh.
 21853 | Orc:1    | Found Amonammeu's Antique Weapon Shop.
 21987 | Orc:2    | Entered Level 2 of the Orcish Mines
 22038 | Orc:1    | Found a radiant altar of Vehumet.
 22505 | Orc:2    | Found Xeiklovo's Distillery.
 22522 | Orc:2    | Reached skill level 5 in Dodging
 22732 | Orc:2    | Found a staircase to the Elven Halls.
 22893 | Orc:2    | Found a bloodstained altar of Trog.
 23083 | Orc:2    | Found Wugeillu's Antique Armour Boutique.
 23106 | Orc:2    | Bought a smoking chain mail for 209 gold pieces
 23106 | Orc:2    | Bought a pair of embroidered gloves for 165 gold pieces
 23130 | Orc:2    | Identified the +0 chain mail "Evutuont" {rF+ Int+5} (You
                  | bought it in a shop on level 2 of the Orcish Mines)
 23142 | Orc:2    | Found Bamuotah's Antique Armour Shop.
 23149 | Orc:2    | Bought a slimy helmet for 332 gold pieces
 23159 | Orc:2    | Identified the cursed +0 helmet of Gozag's Brutal Revenge
                  | {rCorr MP+9} (You bought it in a shop on level 2 of the
                  | Orcish Mines)
 23187 | Orc:2    | Found a radiant altar of Vehumet.
 23188 | Orc:2    | Noticed Erolcha
 23200 | Orc:2    | Killed Erolcha
 23210 | Orc:2    | Found Xyethr Otee's Magic Scroll Boutique.
 23233 | Orc:2    | Noticed Nergalle
 23253 | Orc:2    | Killed Nergalle
 23261 | Orc:2    | Paralysed by an orc sorcerer for 6 turns
 23261 | Orc:2    | HP: 6/126 [rust devil[an orc sorcerer] (8)]
 23261 | Orc:2    | The Shining One protects you from harm!
 23262 | Orc:2    | HP: 2/126 [rust devil[an orc sorcerer] (2)]
 23262 | Orc:2    | The Shining One protects you from harm!
 23262 | Orc:2    | Slain by an orc sorcerer

Illustrated notes

Levels and vault maps discovered:
D:1:      elethiomel_arrival_quiet, layout_basic, serial_glass, glass_columns_a,
          glass_columns_a, due_unseen_surprise, item_on_display_a,
          item_on_display_a
D:2:      layout_basic, lemuel_round_altar, minivault_19,
          chequers_serial_rivers_micro_d
D:3:      layout_rooms, led_xom_imps
D:4:      wad_crossroads, layout_loops_ring
D:5:      layout_loops_corners, marbit_many_paths, serial_shops, shop,
          elyvilon_altar_5, uniq_duvessa, uniq_menkaure, uniq_edmund,
          uniq_crazy_yiuf_cottage
D:6:      layout_layer_cave, general_overflow_altar
D:7:      layout_loops_ring, grunt_temple_overflow_growth_and_decay,
          temple_green, serial_shops, shop, kennysheep_generic_room_16
D:8:      cheibrodos_statue_roulette, layout_layer_cave, lair_entry_dummy,
          uniq_erica
D:9:      layout_loops_ring, gammafunk_temple_overflow_claw, old_standard_altar,
          hive_lemuel
D:10:     layout_loops_ring, basic_altar, serial_shops, shop, evilmike_minifort,
          uniq_gastronok
D:11:     layout_roguey, hiddenorc2_lemuel, serial_shops,
          nicolae_shop_overgrown_old_shop, hex_tiny, minivault_19,
          jmf_multi_god_temple
D:12:     layout_basic, enter_bailey_2, basic_altar
D:13:     gammafunk_sealed_arena, layout_long_grid
D:14:     kennysheep_kobold_grotto, layout_irregular_city,
          grunt_vaults_entry_fortified, tgw_sif
Temple:   oiseaux_autumnal_temple
Orc:1:    layout_diamond_mine, basic_altar, serial_shops, shop,
          david_defended_altar_orc
Orc:2:    kennysheep_orc_mage_school, layout_diamond_mine, serial_shops,
          nicolae_shop_statue_plus, trog_book

Skill      XL: |  1  2  3  4  5  6  7  8  9 10 11 12 13 14 |
---------------+-------------------------------------------+-----
Fighting       | 4 5 6 7 8 10 11 12 | 12.0
Long Blades    | 3 4 5 6 7 8 9 11 13 14 | 14.6
Armour         | 4 5 6 7 8 9 10 | 10.2
Throwing       | 1 2 |  2.1
Shields        | 4 5 6 7 8 10 11 | 11.0
Dodging        | 1 2 3 4 5 |  5.2
Invocations    | 2 4 6 7 9 |  9.0
Evocations     | 1 3 4 5 6 |  6.0
Crossbows      | 1 2 3 |  3.6
Stealth        | 1 |  1.9
Unarmed Combat | |  0.5

Action                   |  1- 3 |  4- 6 |  7- 9 | 10-12 | 13-15 || total
-------------------------+-------+-------+-------+-------+-------++-------
Melee: Long sword        |   115 |   162 |   357 |       |       ||   634
       Scimitar          |       |       |       |   663 |   548 ||  1211
       Unarmed           |       |       |       |       |     6 ||     6
 Fire: Hand crossbow     |       |       |    28 |    28 |     4 ||    60
Throw: Stone             |    21 |    74 |     8 |       |       ||   103
       Boomerang         |       |       |     6 |       |       ||     6
       Dart              |       |       |     3 |       |       ||     3
 Abil: Evoke Flight      |       |       |       |       |     1 ||     1
  Use: Scroll            |       |       |    15 |    15 |     3 ||    33
       Potion            |       |       |     1 |     3 |     2 ||     6
Armor: Scale mail        |    53 |    64 |   137 |   190 |   211 ||   655
       Chain mail        |       |       |       |       |    27 ||    27
Dodge: Dodged            |    36 |    42 |   123 |   192 |   162 ||   555
Block: Kite shield       |    61 |    85 |   162 |   309 |   280 ||   897
       Rpst.: Long sword |    13 |    15 |    35 |       |       ||    63
       Scimitar          |       |       |       |    45 |    39 ||    84
